 Dungeon Crawl Stone Soup version 0.22.1-2-g9c5b331383 (webtiles) character file.

156 Sogov the Ruffian (level 5, 41/50 HPs)
             Began as a Troll Berserker on Nov 20, 2018.
             Was a Believer of Trog.
             Quit the game on level 3 of the Dungeon.
             The game lasted 00:04:03 (1314 turns).

Sogov the Ruffian (Troll Berserker)                 Turns: 1314, Time: 00:04:03

Health: 41/50      AC:  5    Str: 25    XL:     5   Next: 15%
Magic:  4/4        EV: 10    Int:  4    God:    Trog [**....]
Gold:   178        SH:  0    Dex:  9    Spells: 4/4 levels left

rFire    . . .     SeeInvis .     - Unarmed
rCold    . . .     Gourm    +   (no shield)
rNeg     . . .     Faith    .   a - +0 animal skin
rPois    .         Spirit   .   (helmet restricted)
rElec    .         Reflect  .   (no cloak)
rCorr    .         Harm     .   (gloves unavailable)
MR       .....                  (boots unavailable)
Stlth    +.........             (no amulet)
HPRegen  0.56/turn              (no ring)
MPRegen  0.09/turn              (no ring)

@: no status effects
A: large, unfitting armour, claws 3, fast metabolism 3, gourmand, regeneration
1, shaggy fur 1, tough skin 2
a: Berserk, Trog's Hand, Renounce Religion


You were on level 3 of the Dungeon.
You worshipped Trog.
Trog was pleased with you.
You were completely stuffed.

You visited 1 branch of the dungeon, and saw 3 of its levels.

You collected 178 gold pieces.

Inventory:

Armour
 a - a +0 animal skin (worn)
Jewellery
 e - a cursed amulet of inaccuracy {unknown}
 n - an uncursed ring of flight {unknown}
 q - an uncursed ring of ice {unknown}
 r - an uncursed ring of positive energy {unknown}
Wands
 p - a wand of acid (6)
Scrolls
 c - a scroll of remove curse {unknown}
 d - a scroll of teleportation {unknown}
 i - 2 scrolls of identify {unknown}
 o - a scroll of enchant armour {unknown}
Potions
 f - a potion of berserk rage {unknown}
 g - 2 potions of curing {unknown}
 h - a potion of cancellation {unknown}
 j - a potion of flight {unknown}
 k - a potion of haste {unknown}
 l - a potion of might {unknown}
Comestibles
 b - 5 rations
 m - 2 chunks of flesh


   Skills:
 - Level 2.4 Fighting
 - Level 2.4 Dodging
 + Level 5.9 Unarmed Combat


You had 4 spell levels left.
You didn't know any spells.
Your spell library was empty.

Dungeon Overview and Level Annotations

Branches:
Dungeon (3/15)

Altars:
Okawaru


Innate Abilities, Weirdness & Mutations

You are too large for most types of armour.
You have claws for hands.
Your metabolism is lightning-fast.
You like to eat raw meat.
Your natural rate of healing is unusually fast.
You are covered in fur. (AC +1)
You have very tough skin. (AC +2)


Message History

No target in view!
No target in view!
No target in view!
No target in view!
No target in view!
No target in view!
No target in view!
No target in view!
No target in view!
No target in view!
No target in view!
No target in view!
No target in view!
No target in view!
No target in view!
No target in view!
No target in view!
Quiver which item? (- for none, * to show all) (? for menu, Esc to quit)
Okay, then.
Are you sure you want to abandon this character and quit the game? (Confirm

########.#
...............## ...
#######..........
#.##
#####................
## #...
.[##.#####..........
....)###..# #.# .#
#..........
.......#..#
#.##.#####..........
.♣.♣.#.#..#
#........#..†.......
.......#..####..#.###
#.#####.###
.♣.♣.♣.#........@[..#
#.## #.#
.._....##.####..#)#.#
#..# #.# .♣.♣.♣.##.#
#..#... ##.# #.#
........#.# #..###.#
#.####.###
.♣.♣.#....# ...# !#
#........)
.......##.# ##.## #
##..##.###
####.####.# #.#
#..##.# #.# #.# #.#
#..##.# #.# ..#
...##.#


There were no monsters in sight!

Vanquished Creatures
  Ijyb (D:2)
  5 adders
  An adder zombie (D:2)
  A worm (D:2)
  4 dart slugs
  A leopard gecko (D:2)
  3 orcs (D:3)
  3 giant cockroaches
  13 goblins
  8 hobgoblins
  4 kobolds
  A quokka (D:2)
  2 ball pythons
  10 bats
  7 frilled lizards
  7 rats
71 creatures vanquished.

Notes
Turn   | Place    | Note
-------+----------+-------------------------------------------
     0 | D:1      | Sogov the Troll Berserker began the quest for the Orb.
     0 | D:1      | Reached XP level 1. HP: 22/22 MP: 0/0
   167 | D:1      | Reached XP level 2. HP: 29/29 MP: 1/1
   494 | D:1      | Reached skill level 4 in Unarmed Combat
   572 | D:2      | Reached XP level 3. HP: 36/36 MP: 2/2
   652 | D:2      | Reached ** piety under Trog
   801 | D:2      | Reached XP level 4. HP: 44/44 MP: 3/3
   810 | D:2      | Reached skill level 5 in Unarmed Combat
   911 | D:2      | Noticed Ijyb
   919 | D:2      | Killed Ijyb
  1246 | D:3      | Reached XP level 5. HP: 49/50 MP: 4/4
  1278 | D:3      | Found an iron altar of Okawaru.
  1314 | D:3      | Quit the game

Skill      XL: |  1  2  3  4 |
---------------+-------------+-----
Unarmed Combat | 4 5 |  5.9
Fighting       | |  2.4
Dodging        | |  2.4

Action                   |  1- 3 |  4- 6 || total
-------------------------+-------+-------++-------
Melee: Unarmed           |    75 |    78 ||   153
       Punch             |     5 |     1 ||     6
 Stab: Sleeping          |     2 |       ||     2
  Eat: Chunk             |    13 |     5 ||    18
Armor: Animal skin       |    19 |    41 ||    60
Dodge: Dodged            |    45 |    59 ||   104
